 Dungeon Crawl Stone Soup version 0.22-a0-469-gf26638a (webtiles) character file.

6033 stealthycow the Grappler (level 10, -7/100 HPs)
             Began as a Troll Berserker on June 12, 2018.
             Was a High Priest of Trog.
             Mangled by a killer bee (13 damage)
             ... on level 8 of the Dungeon on June 13, 2018.
             The game lasted 00:38:16 (6932 turns).

stealthycow the Grappler (Troll Berserker)          Turns: 6932, Time: 00:38:17

Health: -7/100     AC:  8    Str: 30    XL:     10   Next: 56%
Magic:  0/9        EV: 10    Int:  7    God:    Trog [*****.]
Gold:   467        SH:  9    Dex:  9    Spells: 9/9 levels left

rFire    x . .     SeeInvis .     - Unarmed
rCold    + . .     Gourm    +   w - +0 shield
rNeg     . . .     Faith    .   x - +0 animal skin
rPois    .         Spirit   +   (helmet restricted)
rElec    .         Reflect  .   g - +2 cloak {+Inv}
rCorr    .         Harm     .   (gloves unavailable)
MR       .....                  (boots unavailable)
Stlth    +.........             F - amulet of guardian spirit
HPRegen  0.66/turn              y - +4 ring of intelligence
MPRegen  0.11/turn              e - ring of ice

@: lethally poisoned (-7 -> -9), berserk cooldown, slowed, very slow
A: large, unfitting armour, claws 3, fast metabolism 3, gourmand, regeneration
1, shaggy fur 1, tough skin 2
a: Berserk, Trog's Hand, Brothers in Arms, Renounce Religion, Evoke Invisibility


You were on level 8 of the Dungeon.
You worshipped Trog.
Trog was extremely pleased with you.
You were not hungry.

You visited 1 branch of the dungeon, and saw 8 of its levels.
You also visited: Sewer.

You collected 527 gold pieces.
You spent 60 gold pieces at shops.

Inventory:

Hand Weapons
 a - a +1 scimitar of holy wrath
Missiles
 t - a tomahawk of returning (quivered)
Armour
 g - a +2 cloak of invisibility (worn)
 w - a +0 shield (worn)
 x - a +0 animal skin (worn)
Jewellery
 e - a ring of ice (right claw)
 y - a +4 ring of intelligence (left claw)
 F - an amulet of guardian spirit (around neck)
Wands
 d - a wand of flame (13)
 n - a wand of iceblast (13)
 o - a wand of scattershot (6)
 p - a wand of paralysis (19)
 z - a wand of enslavement (19)
 B - a wand of acid (8)
 E - a wand of disintegration (16)
Scrolls
 c - 3 scrolls of teleportation
 f - 2 scrolls of magic mapping {unknown}
 j - 3 scrolls of identify
 A - a scroll of amnesia {unknown}
 C - a scroll of enchant armour {unknown}
 D - 4 scrolls of remove curse
Potions
 h - 3 potions of flight
 i - 5 potions of curing
 k - 2 potions of haste {unknown}
 l - 2 potions of agility
 m - 2 potions of heal wounds
 q - a potion of magic {unknown}
 s - a potion of experience {unknown}
 u - a potion of berserk rage {unknown}
 v - 2 potions of mutation {unknown}
Comestibles
 b - 21 rations


   Skills:
 + Level 6.5 Fighting
 + Level 6.9 Dodging
 + Level 3.4 Shields
 * Level 11.4 Unarmed Combat


You had 9 spell levels left.
You didn't know any spells.
Your spell library was empty.

Dungeon Overview and Level Annotations

Branches:
Dungeon (8/15)             Temple (0/1) D:7
   Lair: D:8-11

Altars:
Elyvilon
Hepliaklqana
Kikubaaqudgha
Okawaru
Ru
Trog
Uskayaw
Wu Jian
Xom
The Shining One

Shops:
D:5 =   D:6 !


Innate Abilities, Weirdness & Mutations

You are too large for most types of armour.
You have claws for hands.
Your metabolism is lightning-fast.
You like to eat raw meat.
Your natural rate of healing is unusually fast.
You are covered in fur. (AC +1)
You have very tough skin. (AC +2)


Message History

The queen bee buzzes angrily.
The queen bee calls on the killer bee to defend it!
The killer bee goes berserk!
The killer bee stings you.
* * * LOW HITPOINT WARNING * * *
You are poisoned.
The killer bee poisons you! The killer bee barely misses you.
The killer bee closely misses you. x2
You claw the killer bee!
The killer bee is moderately wounded.
You feel sick. You block the killer bee's attack. x2
The killer bee stings you.
* * * LOW HITPOINT WARNING * * *
You are more poisoned.
The killer bee poisons you! The queen bee stings you!
* * * LOW HITPOINT WARNING * * *
You miss the killer bee.
The killer bee is moderately wounded.
You feel sick. The killer bee stings you!
You die...

# #.............# ###.#
####)###
###.##.########.###...#
#....... ##..##.# #.....###
#....... .......# ###.####
#.....p. ..###### #....#
####.### ###
#############.##># #.# #
......))†..##.##.# #.# .
...##.#.†..#..##.########.#
#. #.
###..y@###.......#..## #.
#. #..y## ###.........# ..
#. ##..# #.........# # #..#
#.........# #..#
#.........# #..#
#.........# ..##
########### ..


You could see a queen bee and a killer bee (berserk).

Vanquished Creatures
  Erica (D:8)
  2 two-headed ogres
  Pikel (D:8)
  The ghost of wisestar the Skirmisher, a novice HOFi of Beogh (D:5)
  The ghost of Alphaeus the Shield-Bearer, an amateur GnFi (D:4)
  Eustachio (D:4)
  A hungry ghost (D:8)
  2 ice beasts
  2 phantoms (D:3)
  An orc warrior (D:8)
  A sky beast (D:7)
  4 ogres
  A centaur (D:5)
  5 bullfrogs
  A big kobold (Sewer)
  A gnoll sergeant (D:5)
  A water moccasin zombie (D:7)
  A wyvern skeleton (D:6)
  2 scorpions
  5 killer bees (D:8)
  A howler monkey (D:4)
  A bullfrog zombie (D:6)
  2 crimson imps (D:5)
  A centaur zombie (D:5)
  3 hounds
  A jelly (D:6)
  Crazy Yiuf (D:3)
  A centaur skeleton (D:6)
  2 iguanas
  7 orc wizards
  Ijyb (D:3)
  9 worker ants
  A hound skeleton (D:6)
  Robin (D:2)
  A worker ant zombie (D:6)
  3 gnolls (D:5)
  11 adders
  3 river rats (Sewer)
  A shadow imp (D:5)
  2 dart slugs (D:1)
  3 worms
  3 leopard geckos
  25 orcs
  10 giant cockroaches
  12 goblins
  6 hobgoblins
  8 jackals
  4 quokkas
  2 ball pythons (D:3)
  10 bats
  2 frilled lizards
  14 kobolds
  2 leopard gecko skeletons
  A leopard gecko zombie (D:5)
  A quokka zombie (D:6)
  10 rats
201 creatures vanquished.

Notes
Turn   | Place    | Note
-------+----------+-------------------------------------------
     0 | D:1      | stealthycow the Troll Berserker began the quest for the Orb.
     0 | D:1      | Reached XP level 1. HP: 22/22 MP: 0/0
   150 | D:1      | Reached XP level 2. HP: 24/29 MP: 1/1
   483 | D:1      | Reached ** piety under Trog
   577 | D:1      | Reached XP level 3. HP: 36/36 MP: 2/2
   756 | D:2      | Noticed Robin
   767 | D:2      | Killed Robin
  1050 | D:2      | Reached XP level 4. HP: 45/45 MP: 3/3
  1445 | D:3      | Found an ancient bone altar of Kikubaaqudgha.
  1515 | D:3      | Found a runed door.
  1519 | D:3      | Noticed Crazy Yiuf
  1525 | D:3      | Killed Crazy Yiuf
  1525 | D:3      | Reached skill level 4 in Unarmed Combat
  1547 | D:3      | Found a hide-covered altar of Uskayaw.
  1550 | D:3      | Noticed a dagger
  1563 | D:3      | Noticed an enchanted hand axe
  1572 | D:3      | Reached XP level 5. HP: 48/53 MP: 4/4
  1643 | D:3      | Found a glowing drain.
  1712 | Sewer    | Entered a sewer
  1812 | Sewer    | Reached *** piety under Trog
  1812 | Sewer    | Reached skill level 5 in Unarmed Combat
  1855 | Sewer    | Found a white marble altar of Elyvilon.
  2088 | D:3      | Reached XP level 6. HP: 61/61 MP: 5/5
  2445 | D:3      | Reached skill level 6 in Unarmed Combat
  2469 | D:3      | Noticed Ijyb
  2475 | D:3      | Killed Ijyb
  2876 | D:4      | Noticed Alphaeus's ghost (amateur GnFi)
  2891 | D:4      | Killed Alphaeus's ghost
  2891 | D:4      | Reached skill level 7 in Unarmed Combat
  2891 | D:4      | Reached XP level 7. HP: 23/67 MP: 6/6
  2985 | D:4      | Noticed Eustachio
  2995 | D:4      | Killed Eustachio
  3278 | D:4      | Reached skill level 8 in Unarmed Combat
  3527 | D:4      | Reached XP level 8. HP: 75/75 MP: 7/7
  3602 | D:4      | Found a faded altar of an unknown god.
  3602 | D:4      | Found a shimmering altar of Xom.
  3607 | D:4      | Found an iron altar of Okawaru.
  3609 | D:4      | Found a bloodstained altar of Trog.
  3610 | D:4      | Found a hazy altar of Hepliaklqana.
  3654 | D:4      | Reached **** piety under Trog
  3692 | D:4      | Found a glowing golden altar of the Shining One.
  3750 | D:5      | Entered Level 5 of the Dungeon
  3767 | D:5      | Found Pottig's Jewellery Boutique.
  3831 | D:5      | Noticed wisestar's ghost (novice HOFi)
  3838 | D:5      | Killed wisestar's ghost
  3941 | D:5      | Reached skill level 9 in Unarmed Combat
  3949 | D:5      | Reached skill level 5 in Dodging
  4337 | D:5      | Reached XP level 9. HP: 87/87 MP: 8/8
  4484 | D:6      | Reached skill level 5 in Fighting
  4522 | D:6      | Found a sacrificial altar of Ru.
  4778 | D:6      | Found an ornate altar of the Wu Jian Council.
  5065 | D:6      | Found Weosint's Distillery.
  5074 | D:6      | Bought a potion of heal wounds for 60 gold pieces
  5224 | D:7      | Found a staircase to the Ecumenical Temple.
  5470 | D:7      | Reached skill level 1 in Shields
  5475 | D:7      | Reached skill level 10 in Unarmed Combat
  5945 | D:7      | Found a white marble altar of Elyvilon.
  6501 | D:8      | Noticed a two-headed ogre
  6523 | D:7      | Killed a two-headed ogre
  6582 | D:8      | Reached XP level 10. HP: 87/98 MP: 9/9
  6618 | D:8      | Noticed a two-headed ogre
  6636 | D:8      | Killed a two-headed ogre
  6719 | D:8      | Noticed Erica
  6741 | D:8      | Reached ***** piety under Trog
  6744 | D:8      | Killed Erica
  6744 | D:8      | Reached skill level 11 in Unarmed Combat
  6860 | D:8      | Noticed Pikel
  6865 | D:8      | Killed Pikel
  6932 | D:8      | Mangled by a killer bee

Vault maps used:
D:1:      dpeg_arrival_tiny_b, minmay_misc_feat_enclosed
D:2:      uniq_robin
D:3:      dancing_weapons_uskayaw, old_standard_altar,
          cheibrodos_sewer_entry_sluice, st_stairs_1, minivault_5, uniq_ijyb,
          uniq_crazy_yiuf_cottage
D:4:      chequers_temple_overflow_minitemple, nicolae_tso_swordbearing_angel,
          uniq_eustachio
D:5:      kennysheep_big_flooded_room, first_ration, serial_shops, shop_statue
D:6:      marbit_many_paths, old_standard_altar, serial_shops,
          nicolae_shop_temple_entry_statues_fountains
D:7:      minmay_temple_entry_statues_fountains, serial_co_window_serial,
          co_window_paths_a, co_window_corner_a, co_window_corner_a,
          co_window_corner_a, co_window_paths_a, co_window_of_opportunity_b,
          co_window_corner_b, co_window_paths_c, co_window_broadway_c,
          co_window_broadway_c, glass_columns_c, basic_altar, patterned_corridor
D:8:      david_nohive_1, uniq_erica, uniq_pikel
Sewer:    sewer_kobolds

Skill      XL: |  1  2  3  4  5  6  7  8  9 10 |
---------------+-------------------------------+-----
Dodging        | 3 4 5 6 |  6.9
Fighting       | 3 4 6 |  6.5
Unarmed Combat | 4 5 7 8 9 10 11 | 11.4
Shields        | 2 3 |  3.4

Action                   |  1- 3 |  4- 6 |  7- 9 | 10-12 || total
-------------------------+-------+-------+-------+-------++-------
Melee: Unarmed           |   105 |   194 |   246 |    43 ||   588
       Punch             |     1 |     2 |     8 |       ||    11
Throw: Tomahawk          |       |     3 |     2 |       ||     5
Invok: Berserk           |       |     1 |     6 |     4 ||    11
       Trog's Hand       |       |       |     1 |       ||     1
  Use: Potion            |     1 |       |       |     1 ||     2
       Scroll            |       |     8 |     4 |     1 ||    13
 Stab: Sleeping          |     2 |     1 |     1 |     1 ||     5
  Eat: Chunk             |    15 |    18 |    43 |     6 ||    82
Armor: Animal skin       |    73 |    91 |    84 |    14 ||   262
Dodge: Dodged            |    60 |   106 |    99 |    34 ||   299
Block: Shield            |       |       |    37 |    34 ||    71

Table legend:
 A = Spawn XP
 B = Non-spawn XP
 C = Spawn XP percentage of total XP
 D = Spawn monster count
 E = Non-spawn monster count
 F = Spawn count percentage of total count
 G = Total turns spent on level
                    A         B        C        D         E        F      G
               +---------+---------+-------+---------+---------+-------+---------
         Total |       0 |    8619 |   0.0 |       0 |     201 |   0.0 |  6932
               +---------+---------+-------+---------+---------+-------+---------
           D:1 |       0 |      42 |   0.0 |       0 |      25 |   0.0 |   644
           D:2 |       0 |      71 |   0.0 |       0 |      21 |   0.0 |   794
           D:3 |       0 |     462 |   0.0 |       0 |      34 |   0.0 |  1058
           D:4 |       0 |     734 |   0.0 |       0 |      18 |   0.0 |  1109
           D:5 |       0 |    1428 |   0.0 |       0 |      34 |   0.0 |   749
           D:6 |       0 |     793 |   0.0 |       0 |      15 |   0.0 |   782
           D:7 |       0 |    1826 |   0.0 |       0 |      26 |   0.0 |  1181
           D:8 |       0 |    3122 |   0.0 |       0 |      17 |   0.0 |   365
         Sewer |       0 |     141 |   0.0 |       0 |      11 |   0.0 |   250
               +---------+---------+-------+---------+---------+-------+---------
